 Dungeon Crawl Stone Soup version 0.17-a0-1475-g9f81d98 (webtiles) character file.

28258 Fizybubbleh the Devastator (level 13, -1/102 HPs)
             Began as a Yellow Draconian Conjurer on July 2, 2015.
             Was a High Priest of Vehumet.
             Slain by an ice beast (14 damage)
             ... summoned by an ice statue
             ... in an ice cave.
             The game lasted 01:30:32 (22286 turns).

Fizybubbleh the Devastator (DrCj)                  Turns: 22286, Time: 01:30:36

Health: -1/102     AC: 15    Str: 15    XL:     13   Next: 8%
Magic:  19/36      EV: 14    Int: 21    God:    Vehumet [*****.]
Gold:   1058       SH:  0    Dex: 11    Spells: 7 memorised, 1 level left

rFire  + + .     SeeInvis .     g - staff of fire (curse)
rCold  . . .     Clarity  +     (armour unavailable)
rNeg   . . .     SustAt   .     (no shield)
rPois  +         Gourm    .     A - +0 hat
rElec  .         Spirit   .     y - +0 cloak
rCorr  +         Warding  .     (no gloves)
rMut   .         Stasis   .     x - +2 pair of boots {Fly}
MR     +....                    B - amulet of Twilight {Clar rPois MR+ Str+4}
Stlth  ++........               q - ring of magical power
                                v - +3 ring of protection

@: flying, slowed, very slow, somewhat resistant to hostile enchantments,
unstealthy
A: spit acid, acid resistance, unfitting armour, horns 1, fire resistance 1,
cold-blooded, MP-powered wands, AC +8
a: Spit Acid, Renounce Religion, Stop Flying


You were in an ice cave.
You worshipped Vehumet.
Vehumet was extremely pleased with you.
You were near starving.

You visited 3 branches of the dungeon, and saw 18 of its levels.
You also visited: Ice Cave.

You collected 1058 gold pieces.

Inventory:

Hand weapons
 l - a +4 dagger of speed
Armour
 x - a +2 pair of boots of flying (worn)
 y - a +0 cloak (worn)
 A - a +0 hat (worn)
Magical staves
 g - a cursed staff of fire (weapon)
Jewellery
 j - an uncursed amulet of clarity {unknown}
 p - an uncursed ring of teleportation
 q - a ring of magical power (right hand)
 u - an uncursed ring of sustain attributes
 v - a +3 ring of protection (left hand)
 w - a cursed -2 ring of protection
 B - the amulet of Twilight (around neck) {Clar rPois MR+ Str+4}
   (You took it off an orc wizard on level 5 of the Dungeon)

   [amulet of clarity]

   It provides mental clarity.
   It affects your strength (+4).
   It protects you from poison.
   It affects your resistance to hostile enchantments.
 M - an uncursed ring of protection from fire
 R - an uncursed amulet of rage
 S - an uncursed amulet of faith {unknown}
 X - an uncursed amulet of faith {unknown}
Magical devices
 r - a wand of slowing (7)
 N - a wand of paralysis (19)
 O - a wand of fire (0)
 Z - a wand of slowing (24)
Scrolls
 d - a scroll of fear {unknown}
 i - 2 scrolls of blinking
 o - 13 scrolls of teleportation
 D - 2 scrolls of vulnerability {unknown}
 E - 2 scrolls of holy word {unknown}
 Q - a scroll of enchant armour
 T - 3 scrolls of recharging
 U - 2 scrolls of magic mapping
Potions
 b - a potion of cure mutation
 c - a potion of berserk rage
 e - 4 potions of heal wounds
 f - 2 potions of degeneration {unknown}
 m - a potion of mutation
 s - 4 potions of curing
 z - a potion of ambrosia
 C - a potion of poison
 J - a potion of brilliance {unknown}
Books
 a - a book of Conjurations

   Spells                             Type                      Level
   a - Magic Dart                     Conjuration                  1
   b - Searing Ray                    Conjuration                  2
   c - Dazzling Spray                 Conjuration/Hexes            3
   d - Fulminant Prism                Conjuration/Hexes            4
   e - Iskenderun's Mystic Blast      Conjuration                  4
   f - Iskenderun's Battlesphere      Conjuration/Charms           5
 k - a book of Clouds

   Spells                             Type                      Level
   a - Mephitic Cloud                 Conjuration/Poison/Air       3
   b - Conjure Flame                  Conjuration/Fire             3
   c - Poisonous Cloud                Conjuration/Poison/Air       6
   d - Freezing Cloud                 Conjuration/Ice/Air          6
   e - Ring of Flames                 Charms/Fire                  7
 F - a book of the Earth

   Spells                             Type                      Level
   a - Leda's Liquefaction            Hexes/Earth                  4
   b - Bolt of Magma                  Conjuration/Fire/Earth       5
   c - Statue Form                    Transmutation/Earth          6
   d - Iron Shot                      Conjuration/Earth            6
   e - Shatter                        Earth                        9
 G - a book of Ice

   Spells                             Type                      Level
   a - Ice Form                       Ice/Transmutation            4
   b - Metabolic Englaciation         Hexes/Ice                    5
   c - Ozocubu's Refrigeration        Ice                          6
   d - Bolt of Cold                   Conjuration/Ice              6
   e - Freezing Cloud                 Conjuration/Ice/Air          6
   f - Simulacrum                     Ice/Necromancy               6
 I - a book of Power

   Spells                             Type                      Level
   a - Fulminant Prism                Conjuration/Hexes            4
   b - Iskenderun's Mystic Blast      Conjuration                  4
   c - Venom Bolt                     Conjuration/Poison           5
   d - Bolt of Magma                  Conjuration/Fire/Earth       5
   e - Iron Shot                      Conjuration/Earth            6
   f - Orb of Destruction             Conjuration                  7
   g - Spellforged Servitor           Conjuration/Summoning        7
 L - a book of Alchemy

   Spells                             Type                      Level
   a - Sublimation of Blood           Necromancy                   2
   b - Ignite Poison                  Fire/Transmutation/Poison    3
   c - Alistair's Intoxication        Transmutation/Poison         4
   d - Condensation Shield            Ice                          4
   e - Petrify                        Transmutation/Earth          4
   f - Irradiate                      Conjuration/Transmutation    5
 W - a book of Unlife

   Spells                             Type                      Level
   a - Recall                         Summoning/Translocation      3
   b - Animate Dead                   Necromancy                   4
   c - Control Undead                 Necromancy                   4
   d - Cigotuvi's Embrace             Necromancy                   5
   e - Death Channel                  Necromancy                   6
   f - Simulacrum                     Ice/Necromancy               6
 Y - a book of Air

   Spells                             Type                      Level
   a - Shock                          Conjuration/Air              1
   b - Swiftness                      Charms/Air                   2
   c - Repel Missiles                 Charms/Air                   2
   d - Static Discharge               Conjuration/Air              3
   e - Lightning Bolt                 Conjuration/Air              5
Comestibles
 n - a beef jerky
 t - a slice of pizza
 H - 2 fruits
 K - 2 meat rations
 P - 9 royal jellies


   Skills:
 + Level 6.2 Fighting
 - Level 5.0 Dodging
 - Level 5.0 Stealth
 - Level 10.2 Spellcasting
 - Level 15.3 Conjurations
 - Level 5.0 Charms
 - Level 5.1 Poison Magic


You had one spell level left.
You knew the following spells:

 Your Spells              Type           Power        Failure   Level  Hunger
a - Magic Dart            Conj           ####         0%          1    None
b - Dazzling Spray        Conj/Hex       #####...     1%          3    None
c - Iskenderun's Mystic   Conj           ######..     1%          4    ##.....
d - Iskenderun's Battles  Conj/Chrm      ######..     1%          5    ####...
e - Venom Bolt            Conj/Pois      ######....   1%          5    ####...
f - Orb of Destruction    Conj           ######....   3%          7    #######
g - Iron Shot             Conj/Erth      #####.....   13%         6    ######.


Dungeon Overview and Level Annotations

Branches:
Dungeon (10/15)            Temple (1/1) D:5            Lair (7/8) D:10
  Swamp (0/4) Lair:3       Spider (0/4) Lair:3
  Slime: Lair:6-8       Orc: D:9-12

Altars:
Ashenzari
Cheibriados
Dithmenos
Elyvilon
Fedhas
Gozag
Kikubaaqudgha
Makhleb
Nemelex Xobeh
Okawaru
Qazlal
Ru
Sif Muna
Trog
Vehumet
Xom
Yredelemnul
Zin
The Shining One

Annotations:
D:4 exclusion: centaur
D:5 exclusions: centaur and 3 slaves, Crazy Yiuf
D:6 exclusions: centaur, hill giant and jelly
D:7 exclusion: downstairs
D:8 exclusion: upstairs
D:9 exclusions: 2 doors and hill giant
D:10 exclusion: Sonja, Sonja
Lair:1 exclusion: hydra IceCv exclusion: ice statue


Innate Abilities, Weirdness & Mutations

You can spit globs of acid.
You are resistant to acid.
Your golden yellow scales are hard (AC +8).
Your body does not fit into most forms of armour.
You are cold-blooded and may be slowed by cold attacks.
You have a pair of small horns on your head.
Your flesh is heat resistant.
You expend magic power (3 MP) to strengthen your wands.


Message History

MASSIVE DAMAGE!!
You conjure a globe of magical energy.
You are near starving!
The ice beast closely misses you. The ice beast hits you.
* * * LOW HITPOINT WARNING * * *
The ice beast freezes you!
You feel as though you will be slow longer.
* * * LOW HITPOINT WARNING * * *
You take 11 damage, and have 16/102 hp.
You now have 19/36 mp.
You swap places.
The ice beast hits your battlesphere.
The ice beast freezes your battlesphere.
Your battlesphere resists.
Aim: an ice beast (summoned)
The magic dart hits the ice beast.
Your battlesphere fires!
The barrage of energy hits the ice beast.
The ice beast hits you.
* * * LOW HITPOINT WARNING * * *
The ice beast freezes you!
You die...

##..÷###§.###.....∩..##
#.....#§###........###
#..#...#.#?.###.####
#..###....§## ###
##..###...##
#...###.###
##..#####.##
##..###.(.# ##*.@Y..##
#....#..# ##.####.# ###
#§.# #Y§.# #...§§##
#..8...## .#..### #.#


You could see an ice beast.

Vanquished Creatures
  The ghost of Fizybubbleh the Destroyer, a powerful DrCj of Vehumet (Lair:2)
  4 hydras
  4 death yaks (Lair:3)
  An orb spider (Lair:3)
  A griffon (Lair:6)
  2 black mambas
  Psyche (D:8)
  The ghost of emiel the Changer, an experienced FeTm (D:8)
  8 spiny frogs
  7 komodo dragons
  A queen bee (D:9)
  3 polar bears
  4 wyverns
  15 yaks
  5 vampire mosquitoes
  A hungry ghost (D:8)
  2 basilisks
  4 hippogriffs
  10 wolves
  3 sky beasts
  9 water moccasins
  Duvessa (D:5)
  12 ice beasts
  15 porcupines
  A black bear (D:9)
  3 orc warriors
  A phantom (D:8)
  2 centaurs
  3 ogres
  13 crocodiles
  12 giant frogs
  Dowan (D:5)
  A scorpion (D:4)
  31 killer bees
  10 wights
  An electric eel (Lair:3)
  2 crimson imps
  2 jellies
  3 orc priests
  6 iguanas
  10 orc wizards
  5 hounds
  2 worker ants
  9 sheep (Lair:6)
  2 hound zombies
  A worker ant zombie (D:8)
  46 river rats
  A shadow imp (D:4)
  12 adders
  An ooze (D:1)
  An adder skeleton (D:8)
  An adder zombie (D:9)
  5 worms
  A giant gecko (D:5)
  32 orcs
  A bat skeleton (D:4)
  A bat zombie (D:5)
  3 giant cockroaches
  13 goblins
  8 hobgoblins
  7 jackals
  3 quokkas
  2 ball pythons
  11 bats
  A giant gecko skeleton (D:4)
  4 giant newts
  A jackal skeleton (D:7)
  13 kobolds
  11 rats
415 creatures vanquished.

Vanquished Creatures (others)
  2 yaks (IceCv)
  5 sheep (Lair:1)
  10 fungi
  3 plants
20 creatures vanquished.

Grand Total: 435 creatures vanquished

Notes
Turn   | Place    | Note
--------------------------------------------------------------
     0 | D:1      | Fizybubbleh the Draconian Conjurer began the quest for the Orb.
     0 | D:1      | Reached XP level 1. HP: 14/14 MP: 3/3
   300 | D:1      | Reached XP level 2. HP: 20/20 MP: 1/5
  1387 | D:2      | Reached skill level 5 in Conjurations
  1387 | D:2      | Reached XP level 3. HP: 22/26 MP: 2/6
  1433 | D:2      | Learned a level 3 spell: Dazzling Spray
  1692 | D:2      | Found a sacrificial altar of Ru.
  1702 | D:2      | Reached XP level 4. HP: 33/33 MP: 0/7
  2569 | D:3      | Noticed an orc warrior
  2778 | D:4      | Reached skill level 6 in Conjurations
  2964 | D:4      | Reached XP level 5. HP: 27/38 MP: 8/8
  3144 | D:4      | Found a glowing silver altar of Zin.
  3174 | D:4      | Noticed a centaur
  3184 | D:4      | Noticed an ogre
  3215 | D:3      | Reached skill level 7 in Conjurations
  3382 | D:3      | Found an iron altar of Okawaru.
  3407 | D:3      | Reached XP level 6. HP: 45/45 MP: 9/9
  3417 | D:3      | Learned a level 4 spell: Iskenderun's Mystic Blast
  3673 | D:3      | Killed an orc warrior
  4153 | D:4      | Killed an ogre
  4153 | D:4      | Reached skill level 8 in Conjurations
  4343 | D:4      | Your scales start taking on a golden yellow colour.
  4343 | D:4      | Reached XP level 7. HP: 50/50 MP: 10/10
  5108 | D:5      | Entered Level 5 of the Dungeon
  5139 | D:5      | Found a staircase to the Ecumenical Temple.
  5146 | Temple   | Entered the Ecumenical Temple
  5167 | Temple   | Became a worshipper of Vehumet
  5291 | D:5      | Found an ancient bone altar of Kikubaaqudgha.
  5566 | D:5      | Noticed Crazy Yiuf
  5821 | D:5      | Noticed Duvessa
  5821 | D:5      | Noticed Dowan
  5828 | D:5      | Killed Duvessa
  5832 | D:5      | Killed Dowan
  6149 | D:5      | Got a sparkling amethyst amulet
  6161 | D:5      | Identified the amulet of Twilight {Clar rPois MR+ Str+4} (You took it off an orc wizard on level 5 of the Dungeon)
  6588 | D:6      | Reached skill level 5 in Spellcasting
  6672 | D:6      | Learned a level 5 spell: Iskenderun's Battlesphere
  6782 | D:6      | Reached skill level 1 in Fighting
  6782 | D:6      | Reached XP level 8. HP: 37/61 MP: 15/15
  7516 | D:6      | Reached skill level 5 in Fighting
  7599 | D:6      | Noticed a hill giant
  8423 | D:8      | Reached skill level 5 in Stealth
  8514 | D:8      | Noticed Psyche
  8559 | D:8      | Acquired Vehumet's first power
  8559 | D:8      | Offered knowledge of Shock by Vehumet.
  8842 | D:8      | Noticed emiel's ghost (experienced FeTm)
  8853 | D:8      | Killed emiel's ghost
  8853 | D:8      | Reached skill level 9 in Conjurations
  8853 | D:8      | Reached XP level 9. HP: 48/74 MP: 1/16
  9609 | D:8      | Reached skill level 10 in Conjurations
  9775 | D:8      | Killed Psyche
 10110 | D:9      | Noticed a hill giant
 10261 | D:9      | Reached skill level 5 in Charms
 10332 | D:9      | Learned a level 5 spell: Venom Bolt
 10594 | D:9      | Offered knowledge of Freeze by Vehumet.
 10847 | D:9      | Reached skill level 1 in Poison Magic
 10849 | D:9      | Reached XP level 10. HP: 74/81 MP: 17/17
 11340 | D:9      | Reached skill level 5 in Poison Magic
 11581 | D:9      | Offered knowledge of Throw Flame by Vehumet.
 11749 | D:10     | Entered Level 10 of the Dungeon
 11778 | D:9      | Reached skill level 11 in Conjurations
 12076 | D:10     | Found a staircase to the Lair.
 12533 | D:9      | Acquired Vehumet's second power
 12847 | D:10     | Noticed a cyclops
 13009 | D:10     | Reached skill level 12 in Conjurations
 13465 | D:10     | Offered knowledge of Stone Arrow by Vehumet.
 13468 | D:10     | Noticed Sonja
 13552 | D:10     | Reached XP level 11. HP: 86/86 MP: 5/18
 13943 | Lair:1   | Entered Level 1 of the Lair of Beasts
 14130 | Lair:1   | Noticed a six-headed hydra
 14415 | Lair:1   | Found a shimmering altar of Xom.
 14909 | Lair:1   | Gained mutation: You expend magic power (3 MP) to strengthen your wands. [potion of mutation]
 14909 | Lair:1   | Gained mutation: Your flesh is heat resistant. [potion of mutation]
 14909 | Lair:1   | Gained mutation: You have a pair of small horns on your head. [potion of mutation]
 14985 | Lair:2   | Acquired Vehumet's third power
 14985 | Lair:2   | Reached skill level 5 in Dodging
 15168 | Lair:2   | Offered knowledge of Throw Icicle by Vehumet.
 15257 | Lair:2   | Noticed Fizybubbleh's ghost (powerful DrCj)
 15478 | Lair:1   | Reached skill level 13 in Conjurations
 15606 | Lair:2   | Killed Fizybubbleh's ghost
 16813 | Lair:3   | Noticed a death yak
 16822 | Lair:3   | Noticed a death yak
 16823 | Lair:3   | Noticed a death yak
 16831 | Lair:3   | Noticed a death yak
 16834 | Lair:3   | Killed a death yak
 16834 | Lair:3   | Reached skill level 14 in Conjurations
 17074 | Lair:3   | Found a hole to the Spider Nest.
 17200 | Lair:3   | Found a staircase to the Swamp.
 17848 | Lair:3   | Killed a death yak
 17848 | Lair:3   | Reached XP level 12. HP: 94/94 MP: 9/20
 17968 | Lair:3   | Killed a death yak
 18139 | Lair:3   | Killed a death yak
 18248 | Lair:3   | Noticed a five-headed hydra
 18252 | Lair:3   | Killed a five-headed hydra
 18261 | Lair:3   | Learned a level 7 spell: Orb of Destruction
 18582 | Lair:4   | Noticed a five-headed hydra
 18588 | Lair:4   | Killed a five-headed hydra
 18588 | Lair:4   | Offered knowledge of Airstrike by Vehumet.
 18655 | Lair:4   | Identified a scroll of acquirement
 20105 | Lair:5   | Noticed an eight-headed hydra
 20108 | Lair:5   | Killed an eight-headed hydra
 20108 | Lair:5   | Reached skill level 10 in Spellcasting
 20168 | Lair:6   | Noticed a four-headed hydra
 20185 | Lair:6   | Noticed a six-headed hydra
 20186 | Lair:6   | Killed a four-headed hydra
 20520 | Lair:6   | Reached skill level 15 in Conjurations
 20535 | Lair:6   | Learned a level 6 spell: Iron Shot
 21480 | Lair:7   | Offered knowledge of Delayed Fireball by Vehumet.
 21504 | Lair:7   | Reached XP level 13. HP: 100/100 MP: 23/27
 21506 | Lair:7   | Found a frozen archway.
 21516 | Lair:7   | Noticed a six-headed hydra
 21715 | IceCv    | Entered an ice cave
 22286 | IceCv    | Slain by an ice beast

Vault maps used:
D:1:      dpeg_arrival_three_smaller_balls
D:2:      nicolae_ru_great_annihilating_truth, minmay_tree_intersection,
          minmay_stone_trees_medium, serial_bayou_pond_b
D:3:      okawaru_trees_1
D:4:      overflow_temple_1_default, first_bread
D:5:      kiku_gazebo_garden_becter, uniq_duvessa, uniq_pikel,
          uniq_crazy_yiuf_cottage
D:8:      uniq_psyche
D:10:     dpeg_lair_monsters, uniq_sonja
Temple:   lightli_temple_of_artemis
Lair:1:   kb_xom_exploding_sheep, infiniplex_staircase_pool_2,
          grunt_megastairs_4
Lair:2:   special_room, grunt_megastairs_5, infiniplex_staircase_pool
Lair:3:   minmay_swamp_entry_swarm, nicolae_spider_entry_orb_guardian
Lair:5:   beast_lair_carwin_11
Lair:7:   portal_ice_cave_entry_ice_beasts, serial_bayou_crossing, uniq_nessos
IceCv:    ice_cave_caverns_02

Action                   |  1- 3 |  4- 6 |  7- 9 | 10-12 | 13-15 || total
-------------------------+-------+-------+-------+-------+-------++-------
Melee: Unarmed           |     9 |       |       |       |       ||     9
       Club              |    26 |       |       |       |       ||    26
       Dagger            |       |    26 |   115 |    59 |       ||   200
       Staff             |       |       |       |     3 |       ||     3
 Cast: Magic Dart        |    68 |   109 |   234 |   560 |    37 ||  1008
       Dazzling Spray    |       |     3 |    21 |    11 |       ||    35
       Iskenderun's Myst |       |     5 |    46 |    68 |     4 ||   123
       Iskenderun's Batt |       |       |       |    79 |     8 ||    87
       Venom Bolt        |       |       |       |    19 |       ||    19
       Orb of Destructio |       |       |       |    11 |     2 ||    13
 Abil: Spit Acid         |       |       |    10 |     5 |       ||    15
Evoke: Wand              |       |       |     4 |     8 |       ||    12
  Use: Potion            |     2 |       |       |     5 |       ||     7
       Scroll            |     1 |    10 |     5 |    15 |     3 ||    34
 Stab: Sleeping          |       |     1 |       |     2 |       ||     3
       Invisible         |       |       |     1 |       |       ||     1
  Eat: Chunk             |     1 |     4 |    15 |    16 |     2 ||    38
       Bread ration      |     1 |       |     1 |     3 |       ||     5
       Beef jerky        |       |     1 |       |     3 |     1 ||     5
       Meat ration       |       |     1 |     2 |     7 |       ||    10
       Fruit             |       |       |     1 |     1 |       ||     2
       Royal jelly       |       |       |       |     2 |       ||     2
       Pizza             |       |       |       |     1 |       ||     1
